TOP OF THE 1ST |
South Bend Cubs batting - Pitching for Fort Wayne TinCaps : RHP Mike Schoening
|
Pitching: RHP Mike Schoening
|
|
Batting: RHB Dan Orozco
|
0-0: Foul Ball, location: 2F 0-1: Foul Ball, location: 2F 0-2: Ball 1-2: Strikes out swinging
|
Batting: RHB David Bousfield
|
0-0: Ball 1-0: Foul Ball, location: 2F 1-1: Swinging Strike 1-2: Strikes out swinging
|
Batting: RHB Erik Smith
|
0-0: Ball 1-0: Fly out, F9 (Flyball, 89M, EV 91.2 MPH)
|
Top of the 1st over - 0 runs, 0 hits, 0 errors, 0 left on base; South Bend 0 - Fort Wayne 0 |
BOTTOM OF THE 1ST |
Fort Wayne TinCaps batting - Pitching for South Bend Cubs : RHP Steve Vint
|
Pitching: RHP Steve Vint
|
|
Batting: RHB Slamet Pamungkas
|
0-0: Called Strike 0-1: Ball 1-1: Ball 2-1: Foul Ball, location: 2F 2-2: Ball 3-2: Base on Balls
|
Batting: RHB Paul Wood
|
0-0: Called Strike 0-1: Fly out, F3 (Line Drive, 3L, EV 66.2 MPH) Lined into DP, U3 (Line Drive, 3L, EV 68.1 MPH)
|
Batting: RHB Jim Miske
|
0-0: Called Strike 0-1: Swinging Strike 0-2: Ball 1-2: Foul Ball, location: 2F 1-2: Fly out, F9 (Flyball, 9D, EV 97.5 MPH)
|
Bottom of the 1st over - 0 runs, 0 hits, 0 errors, 0 left on base; South Bend 0 - Fort Wayne 0 |
TOP OF THE 2ND |
South Bend Cubs batting - Pitching for Fort Wayne TinCaps : RHP Mike Schoening
|
Batting: RHB Mike Stein
|
0-0: Ball 1-0: Ground out 5-3 (Groundball, 56, EV 82.5 MPH)
|
Batting: RHB Mike Hill
|
0-0: Ball 1-0: Called Strike 1-1: DOUBLE (Line Drive, 78XD, EV 105.6 MPH)
|
Batting: RHB Josh Burns
|
0-0: Ball 1-0: Foul Ball, location: 2F 1-1: Called Strike 1-2: Ball 2-2: DOUBLE (Flyball, 78XD, EV 104.4 MPH) Mike Hill scores
|
Batting: RHB Victor Ramirez
|
0-0: Ball Wild Pitch! Josh Burns to third 1-0: Ball 2-0: Called Strike 2-1: Ball 3-1: Foul Ball, location: 2F 3-2: Foul Ball, location: 2F 3-2: Foul Ball, location: 2F 3-2: Foul Ball, location: 2F 3-2: Strikes out swinging
|
Pitching: RHP Jason Inman
|
|
Batting: RHB Dave de Wolff
|
0-0: Ball 1-0: Swinging Strike 1-1: Swinging Strike 1-2: Ball 2-2: Ball 3-2: Strikes out swinging
|
Top of the 2nd over - 1 run, 2 hits, 0 errors, 1 left on base; South Bend 1 - Fort Wayne 0 |
BOTTOM OF THE 2ND |
Fort Wayne TinCaps batting - Pitching for South Bend Cubs : RHP Steve Vint
|
Batting: RHB Devon Dill
|
0-0: Foul Ball, location: 2F 0-1: Foul Ball, location: 2F 0-2: Ball 1-2: Foul Ball, location: 2F 1-2: Ball 2-2: Foul Ball, location: 2F 2-2: Foul Ball, location: 2F 2-2: Ball 3-2: Base on Balls
|
Pitching: RHP Melvin Orengo
|
|
Batting: RHB Ben Welt
|
0-0: Ball 1-0: Called Strike 1-1: Swinging Strike 1-2: Strikes out swinging
|
Batting: RHB John Freeman
|
0-0: Ball 1-0: Called Strike 1-1: Ball 2-1: Ball 3-1: SINGLE (Line Drive, 5D, EV 96.9 MPH) Devon Dill to second
|
Batting: RHB Dave Cordero
|
0-0: Ball 1-0: Ball 2-0: Called Strike 2-1: SINGLE (Groundball, 6D, EV 99.4 MPH) Devon Dill to third John Freeman to second Runner from 3rd tries for Home, SAFE, throw by CF to home
|
Batting: RHB Gary Horgan
|
0-0: Ball 1-0: Ball 2-0: Ball 3-0: Base on Balls John Freeman to third Dave Cordero to second
|
Batting: RHB Sung-hwan Jung
|
0-0: Called Strike 0-1: Foul Ball, location: 2F 0-2: Ball 1-2: Foul Ball, location: 2F 1-2: DOUBLE (Flyball, 89D, EV 102.5 MPH) John Freeman scores Dave Cordero scores Gary Horgan to third Runner from 3rd tries for Home, throw by RF and OUT! 9-4-2 Runner from 2nd tries for 3rd, throw by C and OUT! 2-4-5 Double Play!
|
Bottom of the 2nd over - 3 runs, 3 hits, 0 errors, 0 left on base; South Bend 1 - Fort Wayne 3 |
TOP OF THE 3RD |
South Bend Cubs batting - Pitching for Fort Wayne TinCaps : RHP Jason Inman
|
Batting: RHB Ryan Bush
|
0-0: Called Strike 0-1: Ball 1-1: Called Strike 1-2: Ball 2-2: Foul Ball, location: 2F 2-2: Strikes out swinging
|
Batting: RHB Dan Orozco
|
0-0: Foul Ball, location: 2F 0-1: Swinging Strike 0-2: Ball 1-2: Foul Ball, location: 2F 1-2: Foul Ball, location: 2F 1-2: Strikes out swinging
|
Batting: RHB David Bousfield
|
0-0: Ball 1-0: Ball 2-0: Ball 3-0: Called Strike 3-1: Ground out 1-3 (Groundball, 15S, EV 64.4 MPH)
|
Top of the 3rd over - 0 runs, 0 hits, 0 errors, 0 left on base; South Bend 1 - Fort Wayne 3 |
BOTTOM OF THE 3RD |
Fort Wayne TinCaps batting - Pitching for South Bend Cubs : RHP Melvin Orengo
|
Pitching: RHP Angel Pesina
|
|
Batting: RHB Slamet Pamungkas
|
0-0: Foul Ball, location: 2F 0-1: Ground out 6-3 (Groundball, 6, EV 101.2 MPH)
|
Batting: RHB Paul Wood
|
0-0: Ground out 6-3 (Groundball, P, EV 91.9 MPH)
|
Batting: RHB Jim Miske
|
0-0: Ball 1-0: Ball 2-0: Ball 3-0: Base on Balls
|
Batting: RHB Devon Dill
|
0-0: Ball 1-0: Foul Ball, location: 2F 1-1: Fly out, F8 (Flyball, 8RD, EV 83.8 MPH)
|
Bottom of the 3rd over - 0 runs, 0 hits, 0 errors, 1 left on base; South Bend 1 - Fort Wayne 3 |
TOP OF THE 4TH |
South Bend Cubs batting - Pitching for Fort Wayne TinCaps : RHP Jason Inman
|
Batting: RHB Erik Smith
|
0-0: Swinging Strike 0-1: Called Strike 0-2: Strikes out swinging
|
Batting: RHB Mike Stein
|
0-0: Foul Ball, location: 2F 0-1: Foul Ball, location: 2F 0-2: Ball 1-2: Strikes out swinging
|
Batting: RHB Mike Hill
|
0-0: SINGLE (Groundball, 6, EV 105.0 MPH)
|
Batting: RHB Josh Burns
|
0-0: Called Strike Mike Hill is caught stealing 2nd base 2-4
|
Top of the 4th over - 0 runs, 1 hit, 0 errors, 0 left on base; South Bend 1 - Fort Wayne 3 |
BOTTOM OF THE 4TH |
Fort Wayne TinCaps batting - Pitching for South Bend Cubs : RHP Angel Pesina
|
Batting: RHB Ben Welt
|
0-0: Called Strike 0-1: Called Strike 0-2: Ball 1-2: Strikes out swinging
|
Batting: RHB John Freeman
|
0-0: Called Strike 0-1: Called Strike 0-2: Ball 1-2: Fly out, F8 (Flyball, 89S, EV 91.2 MPH)
|
Pitching: RHP Scott Hanson
|
|
Batting: RHB Dave Cordero
|
0-0: Ball 1-0: Fly out, F7 (Line Drive, 7, EV 90.6 MPH)
|
Bottom of the 4th over - 0 runs, 0 hits, 0 errors, 0 left on base; South Bend 1 - Fort Wayne 3 |
TOP OF THE 5TH |
South Bend Cubs batting - Pitching for Fort Wayne TinCaps : RHP Jason Inman
|
Batting: RHB Josh Burns
|
0-0: Ground out 1-3 (Groundball, 15S, EV 71.2 MPH)
|
Batting: RHB Victor Ramirez
|
0-0: Called Strike 0-1: Foul Ball, location: 2F 0-2: Strikes out swinging
|
Batting: RHB Dave de Wolff
|
0-0: Called Strike 0-1: Swinging Strike 0-2: Ground out 4-3 (Groundball, 4M, EV 98.1 MPH)
|
Top of the 5th over - 0 runs, 0 hits, 0 errors, 0 left on base; South Bend 1 - Fort Wayne 3 |
BOTTOM OF THE 5TH |
Fort Wayne TinCaps batting - Pitching for South Bend Cubs : RHP Scott Hanson
|
Batting: RHB Gary Horgan
|
0-0: Called Strike 0-1: Foul Ball, location: 2F 0-2: Ball 1-2: Foul Ball, location: 2F 1-2: Foul Ball, location: 2F 1-2: Strikes out swinging
|
Batting: RHB Sung-hwan Jung
|
0-0: Swinging Strike 0-1: Called Strike 0-2: Ball 1-2: Foul Ball, location: 2F 1-2: Ball 2-2: Foul Ball, location: 2F 2-2: Foul Ball, location: 2F 2-2: Foul Ball, location: 2F 2-2: SINGLE (Groundball, 6MD, EV 101.9 MPH)
|
Batting: RHB Slamet Pamungkas
|
0-0: Foul Ball, location: 2F 0-1: Ball 1-1: Foul Ball, location: 2F 1-2: Ground out 6-3 (Groundball, P, EV 93.1 MPH) Sung-hwan Jung to second
|
Pitching: RHP Andrew Dopp
|
|
Batting: RHB Paul Wood
|
0-0: Ball 1-0: Swinging Strike 1-1: Ground out 4-3 (Groundball, 4, EV 84.4 MPH)
|
Bottom of the 5th over - 0 runs, 1 hit, 0 errors, 1 left on base; South Bend 1 - Fort Wayne 3 |
TOP OF THE 6TH |
South Bend Cubs batting - Pitching for Fort Wayne TinCaps : RHP Jason Inman
|
Pitching: RHP Matt Peck
|
|
Batting: RHB Ryan Bush
|
0-0: Foul Ball, location: 2F 0-1: Called Strike 0-2: Foul Ball, location: 2F 0-2: Ball 1-2: Strikes out swinging
|
Batting: RHB Dan Orozco
|
0-0: Called Strike 0-1: Hit by Pitch
|
Batting: RHB David Bousfield
|
0-0: Called Strike 0-1: Foul Ball, location: 2F 0-2: Strikes out swinging
|
Batting: RHB Erik Smith
|
0-0: Ball 1-0: Ball 2-0: Ball 3-0: Called Strike 3-1: Swinging Strike 3-2: 2-RUN HOME RUN (Flyball, 7D, EV 95.6 MPH), Distance : 387 ft
|
Batting: RHB Mike Stein
|
0-0: Called Strike 0-1: Fly out, F8 (Flyball, 8LXD, EV 100.0 MPH)
|
Top of the 6th over - 2 runs, 1 hit, 0 errors, 0 left on base; South Bend 3 - Fort Wayne 3 |
BOTTOM OF THE 6TH |
Fort Wayne TinCaps batting - Pitching for South Bend Cubs : RHP Andrew Dopp
|
Batting: RHB Jim Miske
|
0-0: Ball 1-0: Ball 2-0: Foul Ball, location: 2F 2-1: Foul Ball, location: 2F 2-2: Ball 3-2: Ground out 4-3 (Groundball, 6M, EV 100.6 MPH)
|
Batting: RHB Devon Dill
|
0-0: Ball 1-0: Foul Ball, location: 2F 1-1: Called Strike 1-2: Strikes out swinging
|
Batting: RHB Ben Welt
|
0-0: Ball 1-0: Ball 2-0: Ball 3-0: Base on Balls
|
Batting: RHB John Freeman
|
0-0: Ball 1-0: Ball 2-0: Called Strike 2-1: Called Strike 2-2: Ball 3-2: Fly out, F8 (Flyball, 8RM, EV 87.5 MPH)
|
Bottom of the 6th over - 0 runs, 0 hits, 0 errors, 1 left on base; South Bend 3 - Fort Wayne 3 |
TOP OF THE 7TH |
South Bend Cubs batting - Pitching for Fort Wayne TinCaps : RHP Matt Peck
|
Batting: RHB Mike Hill
|
0-0: Ball 1-0: Ball 2-0: Called Strike 2-1: Hit by Pitch
|
Batting: RHB Josh Burns
|
0-0: Bunt missed! 0-1: Bunted foul 0-2: Ball 1-2: Ball 2-2: Ball 3-2: Foul Ball, location: 2F 3-2: Base on Balls Mike Hill to second
|
Batting: RHB Victor Ramirez
|
0-0: Swinging Strike Passed Ball! Mike Hill to third Josh Burns to second 0-1: Called Strike 0-2: Strikes out swinging
|
Batting: RHB Dave de Wolff
|
0-0: Foul Ball, location: 2F 0-1: Ground out 5-3 (Groundball, 56S, EV 70.0 MPH)
|
Batting: RHB Ryan Bush
|
0-0: Fly out, F7 (Flyball, 7LS, EV 89.4 MPH)
|
Top of the 7th over - 0 runs, 0 hits, 0 errors, 2 left on base; South Bend 3 - Fort Wayne 3 |
BOTTOM OF THE 7TH |
Fort Wayne TinCaps batting - Pitching for South Bend Cubs : RHP Andrew Dopp
|
Batting: RHB Dave Cordero
|
0-0: Swinging Strike 0-1: Ball 1-1: Ball 2-1: Swinging Strike 2-2: Foul Ball, location: 2F 2-2: Fly out, F9 (Flyball, 9LMF, EV 91.2 MPH)
|
Batting: RHB Gary Horgan
|
0-0: Called Strike 0-1: Ball 1-1: DOUBLE (Groundball, 3L, EV 104.4 MPH)
|
Batting: RHB Sung-hwan Jung
|
0-0: Intentional Walk
|
Pinch Hitting: LHB Tony Contreras
|
0-0: Foul Ball, location: 2F 0-1: Swinging Strike 0-2: Ball 1-2: Ball 2-2: Ball 3-2: 3-RUN HOME RUN (Flyball, 9LD, EV 95.0 MPH), Distance : 356 ft
|
Batting: RHB Paul Wood
|
0-0: Ball 1-0: Hit by Pitch
|
Batting: RHB Jim Miske
|
0-0: Ball 1-0: Foul Ball, location: 2F 1-1: SINGLE (Groundball, 6S, EV 73.8 MPH) (infield hit) Paul Wood to second
|
Batting: RHB Devon Dill
|
0-0: Ball 1-0: Ball 2-0: Called Strike 2-1: Called Strike 2-2: Ball 3-2: Foul Ball, location: 2F 3-2: Foul Ball, location: 2F 3-2: Base on Balls Paul Wood to third Jim Miske to second
|
Batting: RHB Ben Welt
|
0-0: Foul Ball, location: 2F 0-1: Ball 1-1: Called Strike 1-2: Foul Ball, location: 2F 1-2: Ball 2-2: Fly out, F8 (Flyball, 8RXD, EV 90.6 MPH) Runner from 3rd tags up, SCORES, no throw by CF Jim Miske to third
|
Batting: RHB John Freeman
|
0-0: Ball 1-0: Foul Ball, location: 2F 1-1: Swinging Strike 1-2: Strikes out looking
|
Bottom of the 7th over - 4 runs, 3 hits, 0 errors, 2 left on base; South Bend 3 - Fort Wayne 7 |
TOP OF THE 8TH |
South Bend Cubs batting - Pitching for Fort Wayne TinCaps : RHP Matt Peck
|
Pitching: LHP Terry LaPlante
|
|
Now at SS: Bill Vives
|
|
Batting: RHB Dan Orozco
|
0-0: Ball 1-0: Ball 2-0: Called Strike 2-1: Ball 3-1: Swinging Strike 3-2: Foul Ball, location: 2F 3-2: Strikes out swinging
|
Batting: RHB David Bousfield
|
0-0: Called Strike 0-1: Ball 1-1: Called Strike 1-2: Strikes out swinging
|
Batting: RHB Erik Smith
|
0-0: Ball 1-0: Ball 2-0: Ball 3-0: Base on Balls
|
Batting: RHB Mike Stein
|
0-0: Ball 1-0: Called Strike 1-1: Ball 2-1: Foul Ball, location: 2F 2-2: Strikes out swinging
|
Top of the 8th over - 0 runs, 0 hits, 0 errors, 1 left on base; South Bend 3 - Fort Wayne 7 |
BOTTOM OF THE 8TH |
Fort Wayne TinCaps batting - Pitching for South Bend Cubs : RHP Andrew Dopp
|
Pitching: LHP Gilberto Alvarado
|
|
Batting: RHB Dave Cordero
|
0-0: Ball 1-0: Ball 2-0: Ball 3-0: Base on Balls
|
Batting: RHB Gary Horgan
|
0-0: Called Strike 0-1: Foul Ball, location: 2F 0-2: Ball 1-2: Ball 2-2: Strikes out swinging
|
Batting: RHB Sung-hwan Jung
|
0-0: Ball Wild Pitch! Dave Cordero to second 1-0: Swinging Strike 1-1: Called Strike 1-2: Ground out 6-3 (Groundball, 6, EV 92.5 MPH)
|
Batting: RHB Bill Vives
|
0-0: Ball 1-0: Called Strike 1-1: Ground out 5-3 (Groundball, 56S, EV 81.2 MPH)
|
Bottom of the 8th over - 0 runs, 0 hits, 0 errors, 1 left on base; South Bend 3 - Fort Wayne 7 |
TOP OF THE 9TH |
South Bend Cubs batting - Pitching for Fort Wayne TinCaps : LHP Terry LaPlante
|
Pitching: LHP Manny Santiago
|
|
Batting: RHB Mike Hill
|
0-0: Ball 1-0: Ball 2-0: Ball 3-0: Base on Balls
|
Batting: RHB Josh Burns
|
0-0: Called Strike 0-1: Foul Ball, location: 2F 0-2: Strikes out swinging
|
Batting: RHB Victor Ramirez
|
0-0: Ball 1-0: Ball 2-0: Ball Wild Pitch! Mike Hill to second 3-0: Called Strike 3-1: Foul Ball, location: 2F 3-2: Foul Ball, location: 2F 3-2: Base on Balls
|
Batting: RHB Dave de Wolff
|
0-0: Ball 1-0: Called Strike 1-1: Foul Ball, location: 2F 1-2: Strikes out swinging
|
Batting: RHB Ryan Bush
|
0-0: Ball 1-0: Fly out, F8 (Flyball, 8LM, EV 86.9 MPH)
|
Top of the 9th over - 0 runs, 0 hits, 0 errors, 2 left on base; South Bend 3 - Fort Wayne 7 |
|